 Dungeon Crawl Stone Soup version 0.31-a0-978-g1e143483b6 (webtiles) character file.

Game seed: 15575771546535303944

2733 Persephone the Cleaver (level 9, -8/74 HPs)
             Began as a Minotaur Monk on Oct 30, 2023.
             Was an Initiate of Gozag.
             Mangled by a vampire mosquito (15 damage)
             ... on level 6 of the Dungeon.
             The game lasted 00:08:43 (6507 turns).

Persephone the Cleaver (Minotaur Monk)              Turns: 6507, Time: 00:08:43

Health: -8/74      AC:  6    Str: 16 (19) XL:     9   Next: 40%
Magic:  8/8        EV: 12    Int:  6 (7)  God:    Gozag
Gold:   354        SH:  0    Dex: 13 (14) Spells: 8/8 levels left

rFire   . . .        a - +1 hand axe (chaos)
rCold   + . .        d - orb {light}
rNeg    . . .        g - +1 ring mail
rPois   +            (helmet restricted)
rElec   .            (no cloak)
rCorr   .            (no gloves)
SInv    .            (no boots)
Will    .....        (no amulet)
Stlth   +            n - ring "Rocych" {rPois rC+}
HPRegen 0.32/turn    (no ring)
MPRegen 0.11/turn

%: no passive effects
@: brilliant, glowing
A: horns 2, retaliatory headbutt
a: Renounce Religion, Potion Petition, Call Merchant, Bribe Branch


You were on level 6 of the Dungeon.
You worshipped Gozag.
Gozag was aware of your devotion.
You visited 2 branches of the dungeon, and saw 7 of its levels.
You also visited: Sewer.

You collected 354 gold pieces.

Inventory:

Hand Weapons
 a - a +1 hand axe of chaos (weapon)
Missiles
 o - 20 poisoned darts (quivered)
Armour
 b - a +0 robe
 d - an orb of light (worn)
 g - a +1 ring mail (worn)
Jewellery
 n - the ring "Rocych" (left hand) {rPois rC+}
   (You found it on level 4 of the Dungeon)

   [ring of poison resistance]

   rC+:       It protects you from cold.
   rPois:     It protects you from poison
 q - a ring of flight
Wands
 s - a wand of light (12)
Scrolls
 e - a scroll of immolation
 h - a scroll of identify
 j - a scroll of amnesia
 p - a scroll of butterflies
Potions
 c - 2 potions of ambrosia
 f - 2 potions of invisibility
 i - a potion of enlightenment
 k - a potion of attraction
 r - 3 potions of curing {unknown}
 u - a potion of heal wounds
 v - 3 potions of haste {unknown}


   Skills:
 + Level 5.0 Fighting
 - Level 14.0 Axes
 + Level 2.6 Throwing
 + Level 3.2 Armour
 + Level 4.6 Dodging


You had 8 spell levels left.
You didn't know any spells.
Your spell library contained the following spells:

 Spells                   Type           Power      Damage    Failure   Level
 Freeze                   Ice            0%         1d3       67%         1
 Sandblast                Erth           0%         2d4       67%         1
 Blink                    Tloc           0%         N/A       80%         2
 Lesser Beckoning         Tloc           0%         N/A       80%         2
 Momentum Strike          Conj/Tloc      0%         3d8       80%         2
 Passwall                 Tmut/Erth      0%         N/A       80%         2
 Frozen Ramparts          Ice            0%         1d1       95%         3
 Hailstorm                Conj/Ice       0%         3d3       95%         3
 Stone Arrow              Conj/Erth      0%         3d7       95%         3
 Brom's Barrelling Bould  Conj/Erth      0%         2d3       100%        4


Dungeon Overview and Level Annotations

Branches:
Dungeon (6/15)             Temple (1/1) D:4           Sewer (visited)

Altars:
Ashenzari
Cheibriados
Elyvilon
Fedhas
Gozag
Kikubaaqudgha
Makhleb
Nemelex Xobeh
Qazlal
Trog
Wu Jian
Yredelemnul
The Shining One

Annotations:
D:3 3 runed translucent doors, Forgeling's ghost, amateur DsGl
D:6 1 runed translucent door


Innate Abilities, Weirdness & Mutations

You have a pair of horns on your head.
You reflexively headbutt those who attack you in melee.


Message History

The vampire mosquito is no longer moving slowly.
The vampire mosquito bites you!
The vampire mosquito draws strength from your injuries!
You completely miss the vampire mosquito.
The vampire mosquito is lightly damaged.
The vampire mosquito bites you!
* * * LOW HITPOINT WARNING * * *
The vampire mosquito draws strength from your injuries!
You feel much better. The vampire mosquito barely misses you.
The vampire mosquito bites you.
The vampire mosquito draws strength from your injuries!
You barely miss the vampire mosquito. You headbutt the vampire mosquito!
The vampire mosquito is moderately damaged.
The vampire mosquito barely misses you.
You closely miss the vampire mosquito.
The vampire mosquito is moderately damaged.
The vampire mosquito bites you!
The vampire mosquito draws strength from your injuries!
You slash the vampire mosquito! You burn the vampire mosquito.
The vampire mosquito is moderately damaged.
The vampire mosquito bites you!
* * * LOW HITPOINT WARNING * * *
The vampire mosquito draws strength from your injuries!
You feel much better. The vampire mosquito bites you!
The vampire mosquito draws strength from your injuries!
The vampire mosquito bites you.
The vampire mosquito draws strength from your injuries!
It was a potion of brilliance.
You feel clever all of a sudden. The vampire mosquito bites you!
* * * LOW HITPOINT WARNING * * *
The vampire mosquito draws strength from your injuries!
The vampire mosquito bites you but does no damage.
It was a potion of degeneration.
There was something very wrong with that liquid.
You feel weakened.
You feel dopey.
You feel clumsy.
The vampire mosquito bites you but does no damage.
The vampire mosquito bites you!
You die...
Your body crumbles into a pile of gold.

...≈)≈...#
#...............###...
...≈≈≈..##
#.................<.#.
........#
#............###..####
.....).)##
##############...## #
.........# ##..###
.........## ###..##
..........#######
##..### ##
................####..##
###.
........#######.@yysy##
###... ######..#
#####sB#######.....
#..## #..B...#.......
##..# ###............
#..## #..........##
##.## ########y########
#..# #...............#
##.## #...........s...#
#..# #....#######....#


You could see 2 vampire mosquitoes, 2 scorpions, a killer bee and 2 giant
cockroaches.

Vanquished Creatures
  Jeremiah (D:6)
  Eustachio (D:4)
  3 yaks (D:6)
  Menkaure (D:6)
  A water moccasin (D:6)
  An ice beast (D:5)
  A black bear (D:5)
  2 ogres
  A centaur (D:4)
  6 kobold brigands (Sewer)
  3 scorpions
  A howler monkey (D:6)
  4 hounds
  A jelly (D:5)
  An orc priest (D:3)
  A gnoll bouda (D:4)
  An iguana (D:5)
  2 orc wizards
  10 gnolls (D:4)
  7 adders
  5 river rats
  3 shadow imps
  4 worms (D:3)
  2 dart slugs
  7 orcs
  10 ball pythons
  6 endoplasms
  5 giant cockroaches
  8 goblins
  4 hobgoblins
  6 jackals
  5 kobolds
  3 quokkas
  3 bats
  13 frilled lizards
  9 rats
142 creatures vanquished.

Notes
Turn   | Place    | Note
-------+----------+-------------------------------------------
     0 | D:1      | Persephone the Minotaur Monk began the quest for the Orb.
     0 | D:1      | Reached XP level 1. HP: 19/19 MP: 0/0
    40 | D:1      | Found a faded altar of an unknown god.
   180 | D:1      | Reached skill level 4 in Axes
   215 | D:1      | Reached XP level 2. HP: 26/26 MP: 1/1
   807 | D:2      | Reached skill level 5 in Axes
   922 | D:2      | Reached XP level 3. HP: 31/31 MP: 2/2
  1139 | D:3      | Found a runed translucent gate.
  1140 | D:3      | Found a runed translucent gate.
  1153 | D:3      | Noticed Forgeling's ghost (amateur DsGl)
  1260 | D:3      | Reached XP level 4. HP: 39/39 MP: 3/3
  1269 | D:3      | Reached skill level 6 in Axes
  1412 | D:3      | Reached skill level 7 in Axes
  1412 | D:3      | Reached XP level 5. HP: 39/45 MP: 4/4
  1698 | D:3      | Found a glowing drain.
  1707 | Sewer    | Entered a sewer
  1733 | Sewer    | Reached skill level 8 in Axes
  1877 | Sewer    | Reached XP level 6. HP: 43/51 MP: 5/5
  2098 | Sewer    | Reached skill level 9 in Axes
  2306 | Sewer    | Reached XP level 7. HP: 38/57 MP: 6/6
  2411 | Sewer    | Reached skill level 10 in Axes
  2982 | D:3      | Found a runed translucent gate.
  3210 | D:4      | Noticed Eustachio
  3228 | D:4      | Killed Eustachio
  3549 | D:4      | Reached skill level 11 in Axes
  3825 | D:4      | Reached XP level 8. HP: 64/64 MP: 7/7
  3890 | D:4      | Found a blossoming altar of Fedhas.
  4007 | D:4      | Reached skill level 12 in Axes
  4130 | D:4      | Found a staircase to the Ecumenical Temple.
  4147 | D:4      | Identified the ring "Rocych" {rPois rC+}
  4175 | Temple   | Entered the Ecumenical Temple
  4250 | D:5      | Entered Level 5 of the Dungeon
  4586 | D:5      | Reached skill level 13 in Axes
  5120 | D:6      | Reached skill level 14 in Axes
  5121 | D:6      | Reached skill level 1 in Throwing
  5121 | D:6      | Reached skill level 1 in Armour
  5121 | D:6      | Reached XP level 9. HP: 31/71 MP: 8/8
  5286 | D:6      | Noticed Menkaure
  5294 | D:6      | Killed Menkaure
  5462 | D:6      | Found a runed translucent door.
  5464 | D:6      | Found a runed translucent door.
  5554 | D:6      | Noticed Jeremiah
  5577 | D:6      | Killed Jeremiah
  5718 | D:6      | Found a sparkling altar of Nemelex Xobeh.
  6150 | D:6      | Reached skill level 5 in Fighting
  6182 | D:6      | Found an opulent altar of Gozag.
  6253 | D:6      | Became a worshipper of Gozag Ym Sagoz the Greedy
  6257 | D:6      | Found a glowing golden altar of the Shining One.
  6507 | D:6      | Mangled by a vampire mosquito

Illustrated notes

Levels and vault maps discovered:
D:1:      mrwooster_arrival_statue_2, layout_basic,
          hellmonk_ecumenical_altar_blasted
D:2:      layout_rooms
D:3:      layout_basic, gammafunk_ghost_split, lightli_sewer_entry_pipes,
          kennysheep_nondescript, grunt_ministairs_7
D:4:      layout_loops_corners, lemuel_crystal_altar,
          minmay_temple_entry_slanted, uniq_eustachio
D:5:      layout_basic, kennysheep_generic_room_11
D:6:      lemuel_insect_pit, layout_cave_pods, nemelex_spade_bored_becter,
          kennysheep_mini, nicolae_gozag_seed_capital, serial_rivers,
          chequers_serial_rivers_micro_e, chequers_serial_rivers_small_3,
          chequers_serial_rivers_small_b, chequers_serial_rivers_micro_d,
          chequers_serial_rivers_large_b, chequers_serial_rivers_micro_a,
          uniq_jeremiah, uniq_menkaure
Temple:   grunt_temple_mini_profane

Skill      XL: |  1  2  3  4  5  6  7  8  9 |
---------------+----------------------------+-----
Axes           | 4 5 7 8 9 11 14 | 14.0
Fighting       | 4 5 |  5.0
Throwing       | 1 2 |  2.6
Armour         | 1 3 |  3.2
Dodging        | 4 |  4.6

Action                     |  1- 3 |  4- 6 |  7- 9 || total
---------------------------+-------+-------+-------++-------
  Melee: Hand axe          |    56 |   151 |   196 ||   403
         Headbutt          |    14 |    32 |    48 ||    94
  Throw: Dart              |    15 |       |   130 ||   145
    Use: Scroll            |       |       |    10 ||    10
         Potion            |       |       |     6 ||     6
 Armour: Ring mail         |    24 |    92 |   124 ||   240
         Robe              |     1 |       |       ||     1
  Dodge: Dodged            |    25 |    69 |    60 ||   154

Table legend: (Time is in decaauts)
 A = Elapsed time spent in this place.
 B = Non-inter-level travel time spent in this place.
 C = Inter-level travel time spent in this place.
 D = Time resting spent in this place.
 E = Time spent auto-exploring this place.
 F = Levels seen in this place.
 G = Mean time per level.
                   A        B        C        D        E       F      G
               +--------+--------+--------+--------+--------+-----+--------+
         Total |   6680 |   6369 |    311 |      0 |   5201 |   8 |  835.0 |
       Dungeon |   5327 |   5077 |    250 |      0 |   4271 |   6 |  887.8 |
        Temple |     62 |      1 |     61 |      0 |      0 |   1 |   62.0 |
         Sewer |   1290 |   1290 |      0 |      0 |    930 |   1 | 1290.0 |
               +--------+--------+--------+--------+--------+-----+--------+

Top non-repeatable levels by time:
     D:6: 1404 daAuts
     D:4: 1364 daAuts
   Sewer: 1290 daAuts
     D:3: 880 daAuts
     D:1: 663 daAuts
     D:5: 609 daAuts
     D:2: 406 daAuts
  Temple: 62 daAuts
